Map: Base du roi Sejong EC

Players

Kordzis

  • Race: Terran Terran
  • League: Gold

seaLiFe - Winner!

  • Race: Terran Terran
  • League: Gold

VOD

Have the link to the VOD?

Description

Time

  • Played on: Oct. 4, 2016, 8:03 p.m.
  • Length: 22:13
Show
View Real Time Build Order
Export as new Build Order

Kordzis Terran 

Build Orders: MMM Bio 

Get SALT Encoding   

  12  0:01  SCV  
  13  0:14  SCV  
  13  0:18  Supply Depot  
  14  0:26  SCV  
  15  0:40  SCV  
  15  0:41  Barracks  
  16  0:48  Refinery  
  16  0:52  SCV  
  18  1:04  SCV  
  18  1:16  SCV  
  19  1:20  Barracks  
  19  1:29  Supply Depot  
  19  1:32  Orbital Command, Reaper  
  20  1:37  Refinery  
  20  2:02  SCV  
  21  2:10  Barracks Reactor  
  21  2:11  Barracks Tech Lab  
  21  2:16  SCV  
  22  2:23  Command Center  
  22  2:28  SCV  
  23  2:38  Marauder  
  23  2:40  SCV  
  25  2:48  Marine x2  
  27  2:54  SCV  
  28  3:01  Factory  
  28  3:05  Marine x2  
  29  3:23  Marine x2  
  29  3:26  Stimpack  
  31  3:33  Supply Depot  
  31  3:35  Marauder  
  33  3:43  Orbital Command  
  31  4:15  Marine x2  
  31  4:16  Marauder  
  35  4:17  Factory Tech Lab  
  35  4:18  SCV  
  36  4:30  Starport  
  36  4:35  Bunker  
  36  4:49  SCV  
  36  4:51  SCV  
  38  4:52  Marine  
  38  4:53  Marine  
  38  4:54  Marine  
  38  4:56  Siege Tank  
  44  5:01  SCV  
  45  5:13  SCV, Supply Depot  
  45  5:14  Engineering Bay  
  46  5:20  Supply Depot  
  45  5:42  Supply Depot  
  45  5:49  Marine x2  
  47  5:51  Siege Tank  
  47  5:52  Marauder  
  47  5:53  Starport Reactor  
  52  5:57  Barracks  
  52  5:58  SCV x2  
  54  6:12  Terran Infantry Weapons Level 1  
  54  6:16  Supply Depot  
  54  6:21  Armory  
  54  6:23  Marine  
  54  6:24  Combat Shields  
  55  6:27  Marine x2  
  57  6:35  Missile Turret  
  57  6:39  Supply Depot  
  57  6:44  Missile Turret  
  57  6:46  Barracks  
  57  6:47  Missile Turret  
  57  6:54  Missile Turret  
  57  6:55  Missile Turret  
  57  6:59  Marine x2, Marauder  
  57  7:00  Medivac x2  
  65  7:02  Siege Tank  
  65  7:05  SCV  
  65  7:07  SCV  
  70  7:11  Supply Depot  
  70  7:15  Missile Turret  
  70  7:18  Terran Vehicle Weapons Level 1  
  70  7:25  Barracks Reactor, Marine  
  70  7:26  Marine  
  70  7:28  Marauder  
  74  7:35  Siege Tank  
  77  8:05  SCV x2  
  79  8:15  Marine x3  
  79  8:16  Marine x3  
  79  8:19  Refinery  
  85  8:20  Refinery  
  85  8:34  Command Center  
  84  8:53  Marine  
  84  8:54  Marine x4  
  81  9:00  Barracks Reactor  
  80  9:07  Factory  
  80  9:09  Terran Infantry Armor Level 1  
  79  9:11  Marine x2  
  76  9:24  Medivac x2  
  79  10:13  Missile Turret  
  79  10:15  Missile Turret  
  79  10:20  Refinery  
  79  10:23  Marine x2  
  79  10:24  Marine x4, Marauder  
  79  10:26  Factory Tech Lab  
  87  10:30  Siege Tank  
  90  10:38  Supply Depot  
  90  10:41  Marine x5  
  95  10:45  Marauder  
  97  10:52  Marine  
  98  10:59  Marine x4  
  98  11:00  Marine  
  98  11:02  Siege Tank  
  37  12:03  Marine x3  
  38  12:21  Marine x3  
  41  12:25  SCV  
  42  12:31  Siege Tank  
  45  12:37  SCV  
  45  12:39  Marine x3  
  49  12:44  Medivac  
  51  12:56  Marine  
  51  12:57  Marine x2  
  54  12:59  SCV  
  54  13:03  Siege Tank  
  58  13:08  Command Center  
  58  13:14  Marine x2  
  60  13:35  Siege Tank  
  63  14:05  Marine  
  63  14:06  Marine x2  
  63  14:23  Marine  
  50  14:36  Marine  
  50  14:37  Marine  
  50  14:40  Siege Tank  
  50  14:41  Marine  
  50  14:45  SCV  
  55  14:54  Marine  
  55  14:57  SCV  
  57  15:09  SCV  
  58  15:19  Refinery  
  58  15:32  Marine x2  
  58  15:33  Marine  
  61  15:38  Starport Reactor  
  61  15:50  Marine x2  
  61  15:51  Marine  
  62  16:08  Marine x2  
  61  16:26  Marine x2  
  63  16:43  Marine  
  63  17:19  Starport Reactor  
  63  17:31  Factory Tech Lab  
  54  18:03  Medivac x2  
  54  18:04  Siege Tank  
  61  18:15  Marine x2  
  61  18:42  SCV  
  61  18:46  SCV  
  63  18:54  SCV  
  64  18:57  Marine x2  
  64  18:59  Siege Tank  
  64  19:00  Medivac x2  
  73  19:11  Barracks  
  73  19:14  SCV  
  74  19:26  Orbital Command  
  74  19:28  Refinery  
  74  19:29  Refinery  
  74  19:43  Marine x2  
  76  19:50  Engineering Bay  
  76  19:57  Armory  
  76  19:59  Barracks  
  76  20:00  SCV  
  77  20:25  Marine  
  77  20:26  Marine  
  43  20:44  Marine x2  
  45  21:02  Marine x2  
  43  21:20  Marine x2  
  45  21:34  Siege Tank  
  45  21:35  Medivac x2  
  45  21:37  Marine  
  45  21:38  Marine  
  54  21:40  Supply Depot  
  54  21:55  Marine  
  54  21:58  Command Center  
  55  22:03  Supply Depot  
Show
View Real Time Build Order
Export as new Build Order

seaLiFe Terran - Winner!

Build Orders:  

Get SALT Encoding   

  12  0:02  SCV  
  13  0:13  Refinery  
  13  0:21  Supply Depot  
  13  0:40  SCV  
  14  0:45  Barracks  
  14  0:57  Barracks  
  14  1:03  SCV  
  15  1:15  SCV  
  16  1:28  SCV  
  16  1:32  Reaper  
  18  1:40  Orbital Command  
  18  1:46  Refinery, Reaper  
  19  2:04  Supply Depot, Reaper  
  20  2:18  Reaper  
  21  2:33  Factory  
  21  2:36  Reaper  
  22  2:50  Reaper  
  21  3:20  Barracks Reactor  
  21  3:22  Factory Tech Lab  
  21  3:30  Command Center  
  21  3:35  Barracks Tech Lab  
  21  3:42  Siege Tank  
  21  3:47  Engineering Bay  
  24  3:54  SCV  
  25  4:06  SCV  
  23  4:13  Marine x3  
  26  4:18  Siege Tank  
  26  4:22  Stimpack  
  29  4:31  Marine  
  30  4:35  Marine  
  31  4:42  Marine  
  31  4:44  Supply Depot  
  32  4:48  Marine  
  32  4:52  Missile Turret  
  33  5:05  Refinery  
  33  5:15  Orbital Command  
  33  5:22  Marine  
  33  5:25  SCV  
  35  5:44  Marine x3  
  35  5:49  Siege Tank  
  40  5:59  SCV  
  40  6:02  Marine  
  42  6:04  SCV  
  43  6:21  SCV, Starport  
  43  6:23  SCV  
  45  6:38  Siege Tank  
  48  6:40  Marine x3  
  48  6:42  SCV  
  48  6:44  SCV  
  53  6:54  SCV  
  53  7:00  Starport Reactor  
  54  7:01  Supply Depot  
  54  7:08  Supply Depot  
  54  7:13  Supply Depot  
  54  7:23  SCV x2, Marine x2  
  54  7:25  Terran Infantry Weapons Level 1  
  58  7:31  Supply Depot  
  58  7:34  Missile Turret  
  58  7:35  SCV x2  
  60  7:47  Medivac x2  
  64  7:57  Missile Turret  
  65  7:58  SCV  
  65  8:08  Missile Turret  
  65  8:14  Siege Tank  
  65  8:19  SCV x2  
  70  8:33  Marine x3  
  73  8:37  Medivac x2  
  68  8:57  Siege Tank  
  68  8:58  Marine x2  
  73  9:16  Marine x3  
  76  9:29  Siege Tank  
  79  9:34  Marine x3  
  82  9:41  Command Center  
  82  9:48  Medivac x2  
  80  10:50  SCV x2, Marine x3  
  85  10:57  Barracks  
  85  11:00  Barracks  
  85  11:02  Barracks  
  85  11:08  Marine x2  
  78  11:54  Marine x2  
  78  11:55  Marine  
  67  12:12  Marine x2  
  63  12:25  Marine  
  64  12:30  Marine x2  
  66  12:37  Barracks Tech Lab  
  66  12:38  Barracks Tech Lab  
  66  12:41  Concussive Shells  
  66  12:45  Medivac x2  
  66  12:46  Barracks Tech Lab  
  70  13:07  Marauder x3  
  70  13:09  Marine x2  
  78  13:15  Planetary Fortress, Medivac x2  
  82  13:28  Marauder  
  82  13:29  Marauder x2  
  88  13:38  Command Center  
  69  14:22  Marauder x3  
  69  14:23  Marine x2  
  74  14:40  Marine  
  74  14:41  Medivac x2, Marine  
  74  14:43  Terran Infantry Armor Level 1, Marine x3  
  83  14:55  Factory  
  83  14:57  Factory  
  83  15:11  Planetary Fortress  
  83  15:13  Marauder x2  
  83  15:14  Marauder  
  89  15:35  Marauder x2  
  93  15:37  Armory  
  93  15:41  Marine x2  
  93  15:42  Marine  
  96  15:56  Marine  
  86  16:26  Marine  
  86  16:27  Marine x4  
  86  16:30  Marine  
  92  16:35  Factory Tech Lab  
  92  16:36  Factory Tech Lab  
  92  16:44  Marine x3  
  92  16:45  Marine x2  
  97  17:12  Hellion  
  97  17:13  Hellion x2  
  103  17:34  Siege Tank, Hellion x2  
  80  17:59  Siege Tank x2  
  86  18:06  Siege Tank  
  89  18:27  Medivac x2  
  96  18:34  Siege Tank x2  
  96  18:37  Terran Infantry Weapons Level 2  
  95  18:44  Engineering Bay  
  95  18:45  SCV  
  96  18:54  SCV  
  97  18:57  SCV, Medivac x2  
  102  19:06  SCV  
  102  19:09  SCV, Supply Depot  
  104  19:11  Supply Depot, Siege Tank x2  
  104  19:13  Supply Depot  
  104  19:14  SCV x2  
  112  19:18  SCV  
  112  19:21  SCV  
  112  19:22  Refinery  
  114  19:25  Marine x2  
  114  19:26  Refinery  
  114  19:30  SCV, Marine, Terran Infantry Armor Level 2  
  118  19:38  Supply Depot  
  118  19:42  SCV  
  119  19:52  Marine x5  
  123  19:53  Marine  
  125  20:03  SCV  
  125  20:04  SCV  
  127  20:10  Marine x6  
  127  20:12  Supply Depot  
  133  20:27  Marine  
  133  20:28  Marine x2  
  125  20:57  Marine x5  
  125  20:58  Marine  
  123  21:15  Marine x3  
  126  21:36  Siege Tank x2  
  132  21:43  Refinery  
  132  21:50  Refinery  
Tags
 
Composition
MMM Bio
League
GoldGold
Matchup
TvT
Race
Terran
Add a new tag
Caveats
  • Supply blocks, unpowered buildings, or Contaminate may cause inaccurate times.
  • Supply counts are checked every 10 seconds.